[Event "Wednesday Jan 24 Engine Tour 15 Rd Swiss 12m+1s Starts at 1600hrs ST"]
[Site "Infinity Chess"]
[Date "2018.1.24"]
[Round "5"]
[White "BraveDevil"]
[Black "hafaba"]
[Result "0-1"]
[ECO "A40"]
[WhiteElo "2396"]
[BlackElo "2423"]
[WhiteEngine "Cryptic AIL V2"]
[BlackEngine "Stockfish SL FA POPCNT_CTG"]
[EventType "Swiss"]
[WhiteTeam ""]
[BlackTeam ""]
[PlyCount "220"]
[TimeControl "720+1"]

1. d4 c6 2. e4 d5 3. Nc3 dxe4 4. Nxe4 Bf5 5. Ng3 Bg6 6. Nf3 e6 7. Bc4 Nf6 
8. O-O Bd6 9. Qe2 Nbd7 10. Rd1 O-O 11. Nh4 Qc7 12. Nxg6 hxg6 13. Bg5 b5 
14. Bd3 Rfe8 15. c3 e5 16. Qf3 Re6 17. Re1 Rae8 18. Re2 exd4 19. Rxe6 Rxe6 
20. cxd4 a6 21. Rc1 Nd5 22. Qd1 N7f6 23. Be2 Bxg3 24. hxg3 Qa5 25. a4 bxa4 
26. Bc4 Re8 27. Bd2 Qb6 28. Bxd5 cxd5 29. Qxa4 Qxb2 30. Qb4 Qa2 31. Qa5 Qxa5 
32. Bxa5 Ne4 33. Kf1 Rb8 34. Be1 Ng5 35. Rc5 Rb5 36. Rc8+ Kh7 37. Rc7 Ne6 
38. Rxf7 Rb1 39. f3 Nxd4 40. Kf2 Nb3 41. Rd7 d4 42. f4 a5 43. g4 Rc1 44. f5 g5 
45. Ke2 a4 46. Bb4 d3+ 47. Rxd3 Rc4 48. Ba3 Rxg4 49. Kf3 Rf4+ 50. Ke3 Na5 
51. Ke2 Nc4 52. Bb4 Ne5 53. Rh3+ Kg8 54. Bc3 Rxf5 55. Re3 Ng4 56. Re8+ Kf7 
57. Ra8 Rf2+ 58. Ke1 Rxg2 59. Rxa4 Kg6 60. Ra7 Nf6 61. Bd4 Rg4 62. Be3 Re4 
63. Kf2 Re5 64. Kf3 g4+ 65. Kf2 Rf5+ 66. Kg2 Rf3 67. Bc1 Rc3 68. Bf4 Rc2+ 
69. Kg1 Rc5 70. Ra3 Kh5 71. Be3 Rd5 72. Kg2 g5 73. Bf2 Rd1 74. Bg3 Ne4 
75. Ra8 Rd2+ 76. Kg1 Nxg3 77. Rh8+ Kg6 78. Rg8+ Kf7 79. Rg7+ Ke6 80. Rg6+ Kd7 
81. Rg7+ Kc8 82. Rxg5 Rd4 83. Kg2 Ne2 84. Re5 Nf4+ 85. Kh2 Kd7 86. Kg3 Kd6 
87. Re8 Nh5+ 88. Kh4 Nf6 89. Re1 Rd3 90. Rf1 Rh3+ 91. Kg5 Rf3 92. Re1 Kd5 
93. Rg1 Ke5 94. Re1+ Kd4 95. Kh4 g3 96. Kh3 Ne4 97. Kg4 Rf7 98. Ra1 g2 
99. Rg1 Ke3 100. Rxg2 Rg7+ 101. Kh3 Nf2+ 102. Rxf2 Kxf2 103. Kh4 Ke3 
104. Kh5 Rg2 105. Kh6 Rg1 106. Kh5 Kf4 107. Kh6 Kf5 108. Kh7 Kf6 109. Kh8 Kf7 
110. Kh7 Rh1# 0-1

[Event "Wednesday Jan 24 Engine Tour 15 Rd Swiss 12m+1s Starts at 1600hrs ST"]
[Site "Infinity Chess"]
[Date "2018.1.24"]
[Round "5"]
[White "star99"]
[Black "Dinkelberger"]
[Result "1/2-1/2"]
[ECO "C00"]
[WhiteElo "2419"]
[BlackElo "2410"]
[WhiteEngine "Cryptic AIL V2"]
[BlackEngine "stockfish_18011309_x64_modern_CTG"]
[EventType "Swiss"]
[WhiteTeam ""]
[BlackTeam ""]
[PlyCount "93"]
[TimeControl "720+1"]

1. e4 e6 2. Nc3 d5 3. d4 Nf6 4. e5 Nfd7 5. f4 c5 6. Nf3 Nc6 7. Be3 Be7 8. Qd2 a6 
9. dxc5 Nxc5 10. a3 O-O 11. Nd4 Qc7 12. g3 b5 13. Bg2 Bb7 14. O-O Na5 
15. b3 Rac8 16. Rfc1 Nc6 17. b4 Nd7 18. Nxc6 Bxc6 19. Bd4 Nb6 20. Nd1 Nc4 
21. Qe2 f6 22. Ne3 fxe5 23. Nxc4 dxc4 24. Bxe5 Qb6+ 25. Qf2 Qxf2+ 26. Kxf2 Bxg2 
27. Kxg2 Rcd8 28. Rd1 Rxd1 29. Rxd1 Rd8 30. Rxd8+ Bxd8 31. Kf3 Kf7 32. g4 g6 
33. h3 a5 34. g5 a4 35. Bd4 Bc7 36. Ke4 Bd6 37. h4 Bc7 38. Bc3 Bd8 39. Ke5 Bc7+ 
40. Ke4 Ke7 41. Be5 Bb6 42. Bf6+ Kd6 43. Bd4 Bd8 44. Bf6 Bb6 45. Bd4 Bd8 
46. Bb2 Bb6 47. Bd4 1/2-1/2

[Event "Wednesday Jan 24 Engine Tour 15 Rd Swiss 12m+1s Starts at 1600hrs ST"]
[Site "Infinity Chess"]
[Date "2018.1.24"]
[Round "5"]
[White "Thinker"]
[Black "ocirema"]
[Result "1/2-1/2"]
[ECO "B90"]
[WhiteElo "2422"]
[BlackElo "2429"]
[WhiteEngine "BrainFish_180113_x64_modern_CTG"]
[BlackEngine "stockfish_18012314_x64_modern_CTG"]
[EventType "Swiss"]
[WhiteTeam ""]
[BlackTeam ""]
[PlyCount "147"]
[TimeControl "720+1"]

1. e4 c5 2. Nf3 d6 3. d4 cxd4 4. Nxd4 Nf6 5. Nc3 a6 6. Be3 e5 7. Nb3 Be6 
8. f3 h5 9. Qd2 Nbd7 10. Nd5 Nxd5 11. exd5 Bf5 12. Na5 Qc7 13. Rc1 Be7 
14. b4 Bh4+ 15. g3 Bd8 16. c4 Qb8 17. Be2 O-O 18. O-O Bxa5 19. bxa5 Qc7 
20. c5 dxc5 21. g4 hxg4 22. fxg4 Bg6 23. d6 Qc6 24. Bc4 Nf6 25. Bb3 Rac8 
26. Rxc5 Qd7 27. Rxe5 Rc6 28. h3 Rxd6 29. Qb4 Rd3 30. Re1 Qc8 31. Qf4 Re8 
32. Qc4 Qd8 33. Rxe8+ Nxe8 34. Qf4 Nf6 35. Bb6 Qc8 36. Re3 Nd5 37. Rxd3 Nxf4 
38. Rd8+ Qxd8 39. Bxd8 Nxh3+ 40. Kg2 Nf4+ 41. Kf3 Nd3 42. Bb6 Nb4 43. Kf4 Nc6 
44. g5 Kf8 45. Bd1 Bb1 46. Bg4 Bxa2 47. Bc8 Bc4 48. Bxb7 Bb5 49. Bc8 Ne7 
50. Bh3 Ng6+ 51. Ke4 Ne7 52. Bd4 Kg8 53. Bg4 Kh7 54. Bh5 Ng6 55. Bc3 Bf1 
56. Ke3 Bb5 57. Ke4 Bf1 58. Bb2 Bb5 59. Ba1 Kg8 60. Bd4 Kh7 61. Be3 f6 
62. Kd5 Ne5 63. Bd4 Ng6 64. gxf6 gxf6 65. Ke4 Kg7 66. Be3 Kf7 67. Bh6 Bc6+ 
68. Kd4 Bb5 69. Be3 f5 70. Bg5 Bf1 71. Kc3 Bb5 72. Kd4 Bf1 73. Kc3 Bb5 74. Kd4 
1/2-1/2

[Event "Wednesday Jan 24 Engine Tour 15 Rd Swiss 12m+1s Starts at 1600hrs ST"]
[Site "Infinity Chess"]
[Date "2018.1.24"]
[Round "5"]
[White "Dovahkiin"]
[Black "KULLANI"]
[Result "1/2-1/2"]
[ECO "A00"]
[WhiteElo "2431"]
[BlackElo "2427"]
[WhiteEngine "BrainFish_180113_x64_modern_CTG"]
[BlackEngine "BrainFish_180113_x64_CTG"]
[EventType "Swiss"]
[WhiteTeam ""]
[BlackTeam ""]
[PlyCount "232"]
[TimeControl "720+1"]

1. e3 e5 2. e4 Nf6 3. Nc3 Bc5 4. Bc4 O-O 5. Nf3 d6 6. d3 c6 7. a4 Re8 
8. O-O Nbd7 9. h3 h6 10. Be3 Bb4 11. Qb1 Nf8 12. Qa2 Re7 13. a5 Ng6 14. Qa4 Bxc3 
15. bxc3 Nh5 16. Rfe1 Re8 17. d4 exd4 18. cxd4 Rxe4 19. Bf1 Qc7 20. c4 Bd7 
21. Nd2 Re7 22. c5 d5 23. a6 bxa6 24. Qxa6 Nf6 25. Reb1 Be6 26. Qa5 Qd7 
27. Ra3 Bf5 28. Rb2 Ne4 29. Nf3 Rae8 30. Rab3 Qe6 31. Kh2 Qd7 32. Ba6 Nf6 
33. Rb7 Qe6 34. Rxe7 Rxe7 35. Qd8+ Re8 36. Qc7 Re7 37. Qd6 Qxd6+ 38. cxd6 Re8 
39. Ne5 Nxe5 40. dxe5 Rxe5 41. g4 Bd7 42. Rb7 Re8 43. Rxa7 Be6 44. Bd3 h5 
45. gxh5 Rb8 46. Rc7 Nxh5 47. Rxc6 Nf6 48. Ra6 Ne4 49. h4 f6 50. Kg2 Bf5 
51. Bf4 Bh3+ 52. Kh2 Nxf2 53. d7 Rd8 54. Bb5 Bf5 55. Bc7 Rxd7 56. Bxd7 Bxd7 
57. Rd6 Ba4 58. Rxd5 Ne4 59. Ra5 Bd1 60. Ra1 Bg4 61. Rg1 Bf5 62. Kg2 Kf7 
63. Re1 g5 64. Rf1 Be6 65. hxg5 Bd5 66. Kh3 Nxg5+ 67. Kg4 Bc4 68. Re1 Be6+ 
69. Kh5 Nf3 70. Rd1 Ne5 71. Rd6 Bc4 72. Kh4 Ng6+ 73. Kg4 Be6+ 74. Kf3 Ne7 
75. Ba5 Bd5+ 76. Kg4 Be4 77. Bc3 Nd5 78. Bb2 Kg6 79. Bd4 Kg7 80. Bc5 Kh6 
81. Bg1 Kg7 82. Bf2 Kg6 83. Be1 Kh7 84. Bg3 Kg6 85. Bh2 Bh1 86. Bg1 Be4 
87. Bd4 Bg2 88. Kg3 Bh1 89. Re6 Kf5 90. Re1 Be4 91. Bb2 Bc2 92. Ba3 Bd3 
93. Rh1 Be4 94. Rh8 Nc3 95. Rh5+ Kg6 96. Rh4 Kf5 97. Bb2 Nd5 98. Bd4 Bd3 
99. Kf3 Bc2 100. Rh5+ Ke6 101. Rh2 Ba4 102. Ba1 Bc6 103. Kg3 Ba4 104. Rh6 Bc2 
105. Bb2 Kf7 106. Rh4 Ne7 107. Rc4 Bg6 108. Rc3 Ng8 109. Kf4 Ke7 110. Rc7+ Ke6 
111. Ba1 Be8 112. Rb7 Bf7 113. Bb2 Ne7 114. Kg3 Ng8 115. Ra7 Bg6 116. Ba1 Bc2 
1/2-1/2

[Event "Wednesday Jan 24 Engine Tour 15 Rd Swiss 12m+1s Starts at 1600hrs ST"]
[Site "Infinity Chess"]
[Date "2018.1.24"]
[Round "5"]
[White "incredible"]
[Black "angriff"]
[Result "1/2-1/2 "]
[ECO "B00"]
[WhiteElo "2448"]
[BlackElo "2430"]
[WhiteEngine "Stockfish_x64_bmi2"]
[BlackEngine "Stockfish SL FA POPCNT_CTG"]
[EventType "Swiss"]
[WhiteTeam ""]
[BlackTeam ""]
[PlyCount "305"]
[TimeControl "720+1"]

1. e4 Nc6 2. d4 d5 3. exd5 Qxd5 4. Nf3 e5 5. Nc3 Bb4 6. Bd2 Bxc3 7. Bxc3 e4 
8. Ne5 Nxe5 9. dxe5 Ne7 10. Qe2 Bd7 11. Rd1 Qc6 12. Rd4 O-O-O 13. Qxe4 Qxe4+ 
14. Rxe4 Bf5 15. Rf4 g5 16. Rd4 Rxd4 17. Bxd4 Nc6 18. Bc3 Nxe5 19. h4 g4 
20. Be2 Re8 21. Kd2 Ng6 22. g3 Ne5 23. Kc1 Be4 24. Re1 Nf3 25. Rd1 Bg6 
26. Bc4 Rd8 27. b4 Rxd1+ 28. Kxd1 Kd7 29. Bf6 Kd6 30. Bb3 Ne5 31. Ke2 Nd7 
32. Bd8 c5 33. c3 Ne5 34. Bg5 b6 35. Ke3 h5 36. a3 Nd3 37. Bh6 Kc6 38. Bg7 b5 
39. Bd1 c4 40. Bf6 Ne1 41. Kd2 Nf3+ 42. Bxf3+ gxf3 43. Ke3 a6 44. Kxf3 Bc2 
45. Kf4 Kd6 46. f3 Ke6 47. Bd4 Bd1 48. g4 hxg4 49. fxg4 f6 50. h5 Ba4 
51. Bf2 Bc2 52. Bc5 Bd3 53. Ke3 Ke5 54. Bf8 Kd5 55. Bg7 Ke6 56. Kd4 Be2 
57. Bf8 Bxg4 58. h6 Bf5 59. Bc5 Kd7 60. Bf8 Bc2 61. Kd5 Bd3 62. Kd4 Ke6 
63. Bc5 Kd7 64. Kd5 Bf5 65. Bb6 Bh7 66. Be3 Ke7 67. Bc5+ Kf7 68. Be3 Bc2 
69. Kd6 Bh7 70. Bc1 Bb1 71. Kd5 Bd3 72. Be3 Bh7 73. Kd6 Bc2 74. Bf2 Kg6 
75. Be3 Bf5 76. Kc6 Bc2 77. Kc7 Bb3 78. Kc6 Bd1 79. Kb7 Ba4 80. Kc7 f5 
81. Kc8 Kf7 82. Kc7 Bc2 83. Bf4 Kg6 84. Kb8 Bd1 85. Kb7 Kf6 86. Bg5+ Kg6 
87. Bf4 Kf7 88. Kc8 Kg6 89. Kd7 Bc2 90. Kc7 Ba4 91. Bg5 Kh7 92. Bc1 Bd1 
93. Bg5 Bg4 94. Kb7 Bd1 95. Ka8 Bf3+ 96. Ka7 Bd1 97. Bc1 Bc2 98. Bd2 Kg6 
99. Ka8 Bd3 100. Ka7 Bc2 101. Bf4 Bb3 102. Bc1 Ba4 103. Be3 Kh7 104. Bc1 Kg8 
105. Be3 Kh7 106. Bd2 Kg6 107. Kxa6 Kh7 108. Bc1 Kg6 109. Kb6 Kh7 110. Kc5 Kg6 
111. Kc6 Kh7 112. Kc5 Kg6 113. Kd6 Kh7 114. Be3 Kg6 115. Kd7 Bc2 116. Kc6 Ba4 
117. Bd2 Kh7 118. Kd6 Bc2 119. Bg5 Kg6 120. Ke7 Ba4 121. Kd6 Kf7 122. Kc7 Kg6 
123. Bd2 Bb3 124. Kd6 Bc2 125. Kc5 Ba4 126. Kd6 Kf6 127. Kd5 Kf7 128. Kd4 Kg6 
129. Kc5 Kf7 130. Kd5 Kf6 131. Kc6 Kg6 132. Bf4 Kh7 133. Bg5 Kg6 134. Kc5 Kf7 
135. Be3 Kg6 136. Bd2 Kh7 137. Kd5 Bb3 138. Bg5 Bd1 139. Be3 Bc2 140. Kc6 Ba4 
141. Bg5 Kg6 142. Bf4 Kh7 143. Bc1 Kg6 144. Kb6 Kh7 145. Kb7 Kg6 146. Ka6 Kf7 
147. Be3 Kg8 148. Kb7 Kh7 149. Ka6 Kg8 150. Bd2 Kh7 151. Kb6 Kg6 152. Bf4 Kh7 
153. Kc6 1/2-1/2

[Event "Wednesday Jan 24 Engine Tour 15 Rd Swiss 12m+1s Starts at 1600hrs ST"]
[Site "Infinity Chess"]
[Date "2018.1.24"]
[Round "5"]
[White "MarioDeMonti"]
[Black "miguello"]
[Result "1/2-1/2"]
[ECO "C55"]
[WhiteElo "2440"]
[BlackElo "2387"]
[WhiteEngine "stockfish_x64_bmi2_2018_01_13_CTG"]
[BlackEngine "stockfish_18012314_x64_modern_CTG"]
[EventType "Swiss"]
[WhiteTeam ""]
[BlackTeam ""]
[PlyCount "134"]
[TimeControl "720+1"]

1. e4 e5 2. Nf3 Nc6 3. Bc4 Nf6 4. d3 Bc5 5. c3 O-O 6. O-O d6 7. Nbd2 a5 8. h3 h6 
9. Re1 Be6 10. a4 Qd7 11. Bb5 Qd8 12. Nf1 Na7 13. Ng3 Nxb5 14. axb5 Re8 
15. d4 exd4 16. Nxd4 Bc4 17. Ngf5 Be6 18. Bd2 Bxd4 19. Nxd4 c5 20. bxc6 bxc6 
21. c4 Bxc4 22. Rc1 c5 23. Rxc4 cxd4 24. Rxd4 Qb6 25. Bc3 Re6 26. Re3 Rae8 
27. Qd3 Qb8 28. Rg3 Nh5 29. Rg4 Nf6 30. Rg3 Nh5 31. Re3 Nf6 32. Rc4 Qb7 
33. Bxf6 Rxf6 34. b3 Rfe6 35. Rd4 Qc6 36. Kh2 Qb7 37. Rd5 Re5 38. Rxd6 Rxe4 
39. Rg3 g6 40. Rf3 R4e6 41. Rd7 Qb8+ 42. g3 R6e7 43. Rxe7 Rxe7 44. Qd2 Qb7 
45. Rd3 Qb6 46. Rd6 Qxb3 47. Qxa5 Kh7 48. Qd8 Re1 49. Rd3 Qe6 50. Rf3 Kg7 
51. g4 Qe5+ 52. Kg2 Qe6 53. Kg3 g5 54. Qd4+ Qe5+ 55. Qxe5+ Rxe5 56. Kg2 Rb5 
57. Ra3 Kg6 58. Ra6+ f6 59. Ra7 Rb3 60. Ra6 Rc3 61. Ra4 h5 62. gxh5+ Kxh5 
63. Ra5 Rc2 64. Kg3 Rb2 65. f4 f5 66. fxg5 Kxg5 67. h4+ Kh5 1/2-1/2

[Event "Wednesday Jan 24 Engine Tour 15 Rd Swiss 12m+1s Starts at 1600hrs ST"]
[Site "Infinity Chess"]
[Date "2018.1.24"]
[Round "5"]
[White "Marsell"]
[Black "RonWeasley"]
[Result "1/2-1/2"]
[ECO "C11"]
[WhiteElo "2479"]
[BlackElo "2523"]
[WhiteEngine "asmFishW_2018-01-11_popcnt"]
[BlackEngine "BrainFish 130117_CTG"]
[EventType "Swiss"]
[WhiteTeam ""]
[BlackTeam ""]
[PlyCount "300"]
[TimeControl "720+1"]

1. e4 e6 2. d4 d5 3. Nc3 Nf6 4. e5 Nfd7 5. f4 c5 6. Nf3 Nc6 7. Be3 cxd4 
8. Nxd4 Qb6 9. Qd2 Qxb2 10. Rb1 Qa3 11. Bb5 Nxd4 12. Bxd4 a6 13. Bxd7+ Bxd7 
14. Rb3 Qe7 15. Rxb7 Rc8 16. O-O Qd8 17. Qe3 Rc4 18. Rfb1 Be7 19. f5 Bg5 
20. Qd3 O-O 21. Ne4 Bc8 22. Bb6 Be3+ 23. Qxe3 Qh4 24. Nf6+ gxf6 25. Rc7 exf5 
26. Rxc4 dxc4 27. exf6 Kh8 28. Bc7 Rg8 29. Bg3 Qg4 30. Qf4 c3 31. a3 Bd7 
32. Qxg4 fxg4 33. Rb7 Be6 34. Ra7 h5 35. Rxa6 Rd8 36. Bf4 Kh7 37. Rc6 Rd1+ 
38. Kf2 Ra1 39. Rxc3 Kg6 40. Kg3 Kxf6 41. Bd6 Rd1 42. Rd3 Rc1 43. Rd2 Bf5 
44. Bb4 Rxc2 45. Rxc2 Bxc2 46. Kf4 Ke6 47. Kg5 Be4 48. Kxh5 g3 49. hxg3 f5 
50. a4 f4 51. gxf4 Bxg2 52. Kg4 Bc6 53. a5 Bd5 54. f5+ Kd7 55. a6 Kc7 
56. Ba5+ Kb8 57. Bb6 Bh1 58. f6 Bd5 59. Kf5 Bb3 60. Ke4 Bc4 61. Kf4 Bf7 
62. Ke3 Be6 63. Kf3 Ba2 64. Kf2 Bd5 65. Ke3 Ba2 66. Kd2 Bb3 67. Kc1 Bf7 
68. Kc2 Ba2 69. Kc3 Be6 70. Kb2 Bf7 71. Kc2 Ba2 72. Kd3 Bb1+ 73. Kd2 Ba2 
74. Ke2 Bb3 75. Kf2 Ba2 76. Ke3 Bb3 77. Ke4 Bc4 78. Kf3 Bb3 79. Kf4 Ba2 
80. Ke5 Ka8 81. Kd6 Bc4 82. Kc7 Ba2 83. Kc6 Bc4 84. Bg1 Kb8 85. Kc5 Bg8 
86. Bf2 Ba2 87. Be1 Ka8 88. Bf2 Ka7 89. Kb5+ Kb8 90. Bd4 Ka8 91. Kb4 Bf7 
92. Ka4 Kb8 93. Kb5 Ba2 94. Be3 Bf7 95. Kb4 Ka8 96. Kb5 Kb8 97. Kb4 Ka8 
98. Kc3 Kb8 99. Bg1 Ka8 100. Bd4 Kb8 101. a7+ Ka8 102. Bg1 Bd5 103. Be3 Ba2 
104. Kd3 Bd5 105. Kd4 Bb3 106. Bg1 Bf7 107. Ke4 Bb3 108. Kd3 Bf7 109. Kd2 Ba2 
110. Kc3 Bd5 111. Kb4 Ba2 112. Be3 Bf7 113. Kb5 Bb3 114. Kc6 Bf7 115. Bb6 Ba2 
116. Bg1 Bf7 117. Kb6 Bd5 118. Be3 Ba2 119. Kc7 Bb3 120. Kd8 Bd5 121. Bd4 Bc4 
122. Ke7 Bd5 123. Kd6 Bb3 124. Ke5 Bc4 125. Kf5 Bb3 126. Be3 Bf7 127. Bd4 Bb3 
128. Bb6 Bf7 129. Kg5 Bb3 130. Kh5 Ba2 131. Bd4 Bf7+ 132. Kg4 Bd5 133. Bg1 Bc4 
134. Bd4 Ba2 135. Kf3 Bf7 136. Ke3 Bd5 137. Bb6 Ba2 138. Ke2 Bc4+ 139. Ke1 Bd5 
140. Be3 Ba2 141. Kd2 Bf7 142. Bg1 Ba2 143. f7 Bxf7 144. Kd3 Bb3 145. Be3 Bd5 
146. Bg1 Bc6 147. Kc3 Bh1 148. Bf2 Bg2 149. Be1 Be4 150. Bd2 Kxa7 1/2-1/2

[Event "Wednesday Jan 24 Engine Tour 15 Rd Swiss 12m+1s Starts at 1600hrs ST"]
[Site "Infinity Chess"]
[Date "2018.1.24"]
[Round "4"]
[White "hafaba"]
[Black "Satria_Ungu"]
[Result "1-0"]
[ECO ""]
[WhiteElo "2408"]
[BlackElo "2392"]
[WhiteEngine "Stockfish SL FA POPCNT_CTG"]
[BlackEngine "Houdini 6"]
[EventType "Swiss"]
[WhiteTeam ""]
[BlackTeam ""]
[PlyCount "165"]
[TimeControl "720+1"]

1. e3 d5 2. d4 Nf6 3. Nf3 e6 4. Bd3 b6 5. O-O Bb7 6. c4 Bd6 7. b3 O-O 8. Bb2 c5 
9. dxc5 bxc5 10. Nbd2 Nc6 11. a3 Nd7 12. Re1 Rc8 13. Qc2 g6 14. Rad1 Qe7 
15. cxd5 exd5 16. e4 d4 17. e5 Bb8 18. e6 fxe6 19. Rxe6 Qg7 20. Bc4 Kh8 
21. b4 cxb4 22. Rde1 g5 23. axb4 g4 24. Nxd4 Nxd4 25. Qd3 Nf3+ 26. gxf3 Qxb2 
27. Re7 Nf6 28. Rb1 Qe5 29. Rxe5 Bxe5 30. Qe3 Bb8 31. Qe7 Bd5 32. Bxd5 Nxd5 
33. Qe4 Nf6 34. Qd4 Rcd8 35. Qc3 Rde8 36. Kh1 Be5 37. Qc5 Bf4 38. Qd4 Bxd2 
39. Qxd2 gxf3 40. Qc3 Re7 41. Qxf3 Rg7 42. Rd1 Rgf7 43. Ra1 Rg7 44. h3 Rff7 
45. Qc3 Ng8 46. Qd4 Rd7 47. Qb2 Ne7 48. Qe5 Ng8 49. Kh2 h6 50. Ra6 Kh7 
51. Qf5+ Kh8 52. Qe5 Kh7 53. Qa1 Rgf7 54. Qb1+ Kg7 55. Qb2+ Kh7 56. Qc2+ Kg7 
57. Qb2+ Kh7 58. Qb1+ Kg7 59. f4 Rxf4 60. Qg1+ Kh8 61. Qa1+ Kh7 62. Rxa7 Nf6 
63. b5 Rg7 64. Rxg7+ Kxg7 65. b6 Rb4 66. Qa7+ Kg6 67. Qc7 Rb2+ 68. Kg1 Rb1+ 
69. Kf2 Rb2+ 70. Kf3 Rb3+ 71. Ke2 Rb2+ 72. Kd3 Rb3+ 73. Kc2 Rf3 74. b7 Rf2+ 
75. Kb3 Rf3+ 76. Kc4 Nd5 77. Kxd5 Rf5+ 78. Qe5 Rf7 79. b8=Q Rd7+ 80. Ke6 Re7+ 
81. Kxe7 h5 82. Qe6+ Kh7 83. Qbg8# 1-0

[Event "Wednesday Jan 24 Engine Tour 15 Rd Swiss 12m+1s Starts at 1600hrs ST"]
[Site "Infinity Chess"]
[Date "2018.1.24"]
[Round "4"]
[White "SkyPilot"]
[Black "BraveDevil"]
[Result "1/2-1/2"]
[ECO "A45"]
[WhiteElo "2470"]
[BlackElo "2393"]
[WhiteEngine "stockfish_x64_bmi2_2018_01_13_CTG"]
[BlackEngine "Cryptic AIL V2"]
[EventType "Swiss"]
[WhiteTeam ""]
[BlackTeam ""]
[PlyCount "34"]
[TimeControl "720+1"]

1. d4 Nf6 2. Bf4 c5 3. d5 d6 4. Nf3 e5 5. dxe6 Bxe6 6. Nc3 Nc6 7. e4 h6 
8. Qe2 Be7 9. O-O-O O-O 10. a3 Re8 11. e5 Nd7 12. exd6 Bf6 13. Qd2 Rb8 
14. Nb5 Qb6 15. Nc3 Qd8 16. Nb5 Qb6 17. Nc3 Qd8 1/2-1/2

[Event "Wednesday Jan 24 Engine Tour 15 Rd Swiss 12m+1s Starts at 1600hrs ST"]
[Site "Infinity Chess"]
[Date "2018.1.24"]
[Round "4"]
[White "Dinkelberger"]
[Black "Thinker"]
[Result "1/2-1/2"]
[ECO "C77"]
[WhiteElo "2409"]
[BlackElo "2423"]
[WhiteEngine "stockfish_18011309_x64_modern_CTG"]
[BlackEngine "BrainFish_180113_x64_modern_CTG"]
[EventType "Swiss"]
[WhiteTeam ""]
[BlackTeam ""]
[PlyCount "103"]
[TimeControl "720+1"]

1. e4 e5 2. Nf3 Nc6 3. Bb5 a6 4. Ba4 Nf6 5. O-O Be7 6. Re1 b5 7. Bb3 O-O 
8. c3 d5 9. exd5 Nxd5 10. Nxe5 Nxe5 11. Rxe5 c6 12. Re1 Bd6 13. d4 Qh4 
14. g3 Qh3 15. Qe2 Bg4 16. Qf1 Qh5 17. Nd2 Rae8 18. f3 Rxe1 19. Qxe1 Bxf3 
20. Nxf3 Qxf3 21. Bd2 Qg4 22. Bd1 Qd7 23. Bf3 h6 24. Qf2 Be7 25. Re1 Bg5 
26. h4 Bxd2 27. Qxd2 a5 28. a3 Re8 29. Rxe8+ Qxe8 30. Kf2 Qd7 31. Qd3 a4 
32. Qe2 Kf8 33. Qd3 g6 34. h5 g5 35. Qe2 Qd6 36. Bxd5 Qxd5 37. Qe5 Qxe5 
38. dxe5 Ke7 39. Kf3 Kd7 40. Ke3 Ke6 41. Ke4 Kd7 42. g4 Ke7 43. Ke3 Kd7 
44. Ke4 Ke7 45. Ke3 c5 46. Kf3 c4 47. Ke4 Ke6 48. Kd4 Kd7 49. Ke4 Ke6 
50. Kd4 Kd7 51. Kc5 Ke6 52. Kd4 1/2-1/2

[Event "Wednesday Jan 24 Engine Tour 15 Rd Swiss 12m+1s Starts at 1600hrs ST"]
[Site "Infinity Chess"]
[Date "2018.1.24"]
[Round "4"]
[White "KULLANI"]
[Black "star99"]
[Result "1/2-1/2"]
[ECO "D12"]
[WhiteElo "2427"]
[BlackElo "2419"]
[WhiteEngine "BrainFish_180113_x64_CTG"]
[BlackEngine "Cryptic AIL V2"]
[EventType "Swiss"]
[WhiteTeam ""]
[BlackTeam ""]
[PlyCount "86"]
[TimeControl "720+1"]

1. d4 d5 2. c4 c6 3. Nf3 Nf6 4. e3 Bf5 5. Nc3 e6 6. Nh4 Bg6 7. Nxg6 hxg6 
8. Qb3 Qb6 9. Bd2 Nbd7 10. h3 Be7 11. O-O-O Ng4 12. Be1 Ngf6 13. Kb1 Qxb3 
14. axb3 O-O-O 15. f3 b6 16. cxd5 Nxd5 17. Nxd5 exd5 18. b4 Kb7 19. b5 c5 
20. e4 cxd4 21. exd5 Bc5 22. Bc4 Ne5 23. Ba2 f6 24. Bf2 Nf7 25. Bc4 Rc8 
26. d6 Nxd6 27. Bd5+ Kb8 28. Bg3 Rcd8 29. Rhe1 Rh5 30. Bc6 Rg5 31. Bf4 Rxg2 
32. Re7 g5 33. Rxg7 Rf2 34. Bc1 Nc4 35. Rb7+ Kc8 36. Rxa7 d3 37. b3 d2 
38. bxc4 dxc1=Q+ 39. Rxc1 Rd3 40. Ra8+ Kc7 41. Ra7+ Kc8 42. Rc2 Rd1+ 43. Rc1 Rd3 
1/2-1/2

[Event "Wednesday Jan 24 Engine Tour 15 Rd Swiss 12m+1s Starts at 1600hrs ST"]
[Site "Infinity Chess"]
[Date "2018.1.24"]
[Round "4"]
[White "ocirema"]
[Black "angriff"]
[Result "1/2-1/2"]
[ECO "B00"]
[WhiteElo "2429"]
[BlackElo "2430"]
[WhiteEngine "stockfish_18012314_x64_modern_CTG"]
[BlackEngine "Stockfish SL FA POPCNT_CTG"]
[EventType "Swiss"]
[WhiteTeam ""]
[BlackTeam ""]
[PlyCount "174"]
[TimeControl "720+1"]

1. e4 Nc6 2. d4 d5 3. e5 Bf5 4. c3 e6 5. Nf3 f6 6. Bb5 Nge7 7. exf6 gxf6 
8. Nh4 Bg6 9. O-O Qd7 10. Nd2 Nf5 11. Nxf5 Bxf5 12. Nf3 O-O-O 13. Nh4 Be4 
14. Bf4 a6 15. Ba4 Bd6 16. f3 Bg6 17. Qd2 Kb8 18. Rfe1 Rhg8 19. Bxd6 Qxd6 
20. Bxc6 Qxc6 21. Re3 Be8 22. Rae1 Bd7 23. g3 h5 24. Kh1 Qd6 25. f4 a5 
26. Qe2 Qb6 27. Kg1 Rg4 28. Kh1 Rh8 29. Qd2 Qc6 30. b3 Rg7 31. Qd3 b6 32. a4 Kb7 
33. R3e2 Ra8 34. Kg1 Rag8 35. Nf3 Rh8 36. Nh4 Ra8 37. Kf2 Rh8 38. Kg1 Re8 
39. Ng6 Ra8 40. Nh4 Qd6 41. Kh1 Qc6 42. Nf3 Rag8 43. Qc2 Rh8 44. Rf2 Qd6 
45. Qb2 Ra8 46. Rfe2 Rc8 47. Re3 Re8 48. Qe2 Qa3 49. Qd1 Qb2 50. Nh4 Ra8 
51. R1e2 Qa3 52. Qc2 Rb8 53. Qd1 Rc8 54. Nf3 Qd6 55. Rb2 Rh8 56. Nh4 c5 
57. Rb1 Rg4 58. Ng2 Rc8 59. Qf3 cxd4 60. cxd4 Qb4 61. Rd1 f5 62. h4 Ka7 
63. Ne1 Rc7 64. Qe2 Qa3 65. Rd2 Rg8 66. Kh2 Rgc8 67. Ra2 Qc1 68. Kg2 Qb1 
69. Rb2 Qa1 70. Nd3 Rc3 71. Rd2 Rxb3 72. Nc5 bxc5 73. Rxb3 c4 74. Re3 Rb8 
75. Qxh5 c3 76. Rf2 Rb1 77. Qf7 Rg1+ 78. Kf3 Qxa4 79. Rfe2 c2 80. Rxc2 Qxc2 
81. Qxd7+ Ka8 82. Qe8+ Ka7 83. Qd7+ Ka8 84. Qd8+ Kb7 85. Qe7+ Ka8 86. Qd8+ Kb7 
87. Qd7+ Ka8 1/2-1/2

[Event "Wednesday Jan 24 Engine Tour 15 Rd Swiss 12m+1s Starts at 1600hrs ST"]
[Site "Infinity Chess"]
[Date "2018.1.24"]
[Round "4"]
[White "MarioDeMonti"]
[Black "Dovahkiin"]
[Result "1/2-1/2"]
[ECO "C11"]
[WhiteElo "2440"]
[BlackElo "2431"]
[WhiteEngine "stockfish_x64_bmi2_2018_01_13_CTG"]
[BlackEngine "BrainFish_180113_x64_modern_CTG"]
[EventType "Swiss"]
[WhiteTeam ""]
[BlackTeam ""]
[PlyCount "55"]
[TimeControl "720+1"]

1. e4 e6 2. d4 d5 3. Nc3 Nf6 4. e5 Nfd7 5. f4 c5 6. Nf3 Nc6 7. Be3 cxd4 
8. Nxd4 Qb6 9. a3 Bc5 10. Ncb5 a6 11. Nxc6 axb5 12. Bxc5 Nxc5 13. Nd4 Bd7 
14. c3 O-O 15. Be2 f6 16. exf6 gxf6 17. Qd2 Rae8 18. Rf1 Ne4 19. Qe3 e5 
20. fxe5 fxe5 21. Rxf8+ Kxf8 22. Nc2 Qxe3 23. Nxe3 d4 24. O-O-O Nf2 25. Rd2 Ne4 
26. Rd1 Nf2 27. Rd2 Ne4 28. Rd1 1/2-1/2

[Event "Wednesday Jan 24 Engine Tour 15 Rd Swiss 12m+1s Starts at 1600hrs ST"]
[Site "Infinity Chess"]
[Date "2018.1.24"]
[Round "4"]
[White "miguello"]
[Black "Marsell"]
[Result "1/2-1/2"]
[ECO "D02"]
[WhiteElo "2383"]
[BlackElo "2483"]
[WhiteEngine "stockfish_18012314_x64_modern_CTG"]
[BlackEngine "asmFishW_2018-01-11_popcnt"]
[EventType "Swiss"]
[WhiteTeam ""]
[BlackTeam ""]
[PlyCount "121"]
[TimeControl "720+1"]

1. d4 d5 2. Nf3 Nf6 3. c4 e6 4. Nc3 c6 5. e3 Nbd7 6. Qc2 Bd6 7. Bd3 dxc4 
8. Bxc4 O-O 9. O-O a6 10. a4 c5 11. dxc5 Bxc5 12. Ne4 Nxe4 13. Qxe4 Nf6 
14. Qh4 Nd5 15. Qh5 b6 16. Rd1 Nf6 17. Rxd8 Nxh5 18. Rxf8+ Kxf8 19. b3 Bb7 
20. Ne5 Rd8 21. Bb2 Nf6 22. Nd3 Be7 23. Bd4 Nd7 24. f3 Bf6 25. Bxf6 Nxf6 
26. e4 Ke7 27. Kf2 Ne8 28. Ke3 Rc8 29. Nb2 Nd6 30. Kd2 e5 31. g4 h5 32. g5 a5 
33. h4 Bc6 34. Ba6 Ra8 35. Be2 Bd7 36. Rc1 Rc8 37. Rxc8 Bxc8 38. Ke3 Be6 
39. Bd1 Nb7 40. Nd3 Kd6 41. f4 exf4+ 42. Nxf4 g6 43. Nxe6 Kxe6 44. Be2 Ke5 
45. Bb5 Nc5 46. Bc4 Ne6 47. Bxe6 fxe6 48. Kd3 Kd6 49. Kd4 e5+ 50. Kc4 Kc6 
51. b4 axb4 52. Kxb4 Kc7 53. Kc3 Kd6 54. Kb4 Kc7 55. a5 bxa5+ 56. Kxa5 Kc6 
57. Kb4 Kb6 58. Kc4 Kc6 59. Kb4 Kb6 60. Kc4 Kc6 61. Kb4 1/2-1/2